 Dungeon Crawl Stone Soup version 0.27-a0-1321-gd358eaa319 (webtiles) character file.

Game seed: 6861860518086685018

40 27snakeeyes612 the Chopper (level 3, -7/33 HPs)
             Began as a Minotaur Berserker on June 22, 2021.
             Was a Follower of Trog.
             Mangled by Crazy Yiuf (9 damage)
             ... while paralysed by Crazy Yiuf
             ... on level 2 of the Dungeon.
             The game lasted 00:00:43 (2149 turns).

27snakeeyes612 the Chopper (Minotaur Berserker)     Turns: 2149, Time: 00:00:44

Health: -7/33      AC:  5    Str: 22    XL:     3   Next: 30%
Magic:  2/2        EV:  2    Int:  4    God:    Trog [*.....]
Gold:   77         SH:  0    Dex:  9    Spells: 2/2 levels left

rFire    . . .     SeeInvis .   a - +0 hand axe
rCold    . . .     Faith    .   (no shield)
rNeg     . . .     Spirit   .   c - +0 ring mail
rPois    .         Reflect  .   g - +0 hat
rElec    .         Harm     .   (no cloak)
rCorr    .         Rampage  .   (no gloves)
Will     .....                  (no boots)
Stlth    ..........             (no amulet)
HPRegen  0.11/turn              (no ring)
MPRegen  0.08/turn              (no ring)

@: paralysed, mighty, on berserk cooldown, slowed
A: horns 2, retaliatory headbutt
a: Renounce Religion, Berserk


You were on level 2 of the Dungeon.
You worshipped Trog.
Trog was aware of your devotion.
You visited 1 branch of the dungeon, and saw 2 of its levels.

You collected 77 gold pieces.

Inventory:

Hand Weapons
 a - a +0 hand axe (weapon)
Armour
 b - a +0 animal skin
 c - a +0 ring mail (worn)
 g - a +0 hat (worn)
Scrolls
 d - a scroll of silence {unknown}
 e - 3 scrolls of vulnerability {unknown}
 f - a scroll of identify {unknown}
Potions
 h - a potion of flight {unknown}


   Skills:
 + Level 4.2 Fighting
 + Level 4.3 Axes
 + Level 3.0 Armour
 + Level 2.4 Dodging


You had 2 spell levels left.
You didn't know any spells.
Your spell library was empty.

Dungeon Overview and Level Annotations

Branches:
Dungeon (2/15)

Altars:

Annotations:
D:2 Crazy Yiuf


Innate Abilities, Weirdness & Mutations

You have a pair of horns on your head.
You reflexively headbutt those who attack you in melee.


Message History

You slash the rat!
You kill the rat!
Trog accepts your kill.
Your Armour skill increases to level 3!
No target in view!
No target in view!
No target in view!
No target in view!
No target in view!
No target in view!
No target in view!
No target in view!
You now have 77 gold pieces (gained 17).
h - a brown potion
Found a stone staircase leading down.
Crazy Yiuf shouts!
Could not explore, unopened runed door.
Could not explore, unopened runed door.
No reachable target in view!
A red film seems to cover your vision as you go berserk!
You feel yourself moving faster!
You feel mighty!
The door flies open with a bang!
You feel a strong urge to attack something.
Crazy Yiuf zaps a wand.
The puff of flame hits you!
Crazy Yiuf hits you with a +3 quarterstaff of chaos.
You suddenly lose the ability to move!
Crazy Yiuf hits you with a +3 quarterstaff of chaos!
Crazy Yiuf hits you with a +3 quarterstaff of chaos.
You feel very mighty all of a sudden.
Crazy Yiuf says, "East!"
Crazy Yiuf hits you with a +3 quarterstaff of chaos!
Crazy Yiuf burns you.
* * * LOW HITPOINT WARNING * * *
You are no longer berserk.
You feel yourself slow down.
Crazy Yiuf hits you with a +3 quarterstaff of chaos!
* * * LOW HITPOINT WARNING * * *
Crazy Yiuf completely misses you.
Crazy Yiuf hits you with a +3 quarterstaff of chaos!
You die...

..........##
#....#
#........##.
#..........#
♣....♣
#....###.##.
....#......#
♣...♣♣ ######
#.##.
##....###.##
♣♣.♣♣ ######
#.##. #.#.##
#.# ♣.♣♣
#....# #.##.
#.#.# #.#
♣♣.♣ ####.#
#†##. #.#.#
#.# ♣.♣♣ #.#
#.##. ##.#.#
#.# ♣♣.♣
#.###....
.....# #.#
#@# #........
##.### #.#
#.g.#
#.####... #.#
#.# #...#
#.###.#.> #.#
#.# #..)#
####.##.##..
#.######.#
#####
#...........
#........#
####.####...
##.##.####
### #.# ##(#
#.##.# #.#
#.# #.#
##.##.##
#.###.#####.#


You could see Crazy Yiuf.

Vanquished Creatures
  An adder (D:2)
  2 worms (D:2)
  2 ball pythons
  2 endoplasms
  A giant cockroach (D:1)
  A goblin (D:2)
  4 hobgoblins
  3 jackals (D:2)
  2 kobolds (D:2)
  A quokka (D:2)
  A frilled lizard (D:2)
  3 rats
23 creatures vanquished.

Notes
Turn   | Place    | Note
-------+----------+-------------------------------------------
     0 | D:1      | 27snakeeyes612 the Minotaur Berserker began the quest for
                  | the Orb.
     0 | D:1      | Reached XP level 1. HP: 19/19 MP: 0/0
   408 | D:1      | Found a faded altar of an unknown god.
   922 | D:1      | Reached XP level 2. HP: 27/27 MP: 1/1
  1144 | D:2      | Found a runed translucent door.
  1145 | D:2      | Noticed Crazy Yiuf
  1528 | D:2      | Reached XP level 3. HP: 19/33 MP: 2/2
  2143 | D:2      | Paralysed by Crazy Yiuf for 6 turns
  2147 | D:2      | HP: 1/33 [Crazy Yiuf (8)]
  2149 | D:2      | Mangled by Crazy Yiuf

Illustrated notes

Levels and vault maps discovered:
D:1:      nicolae_arrival_somewhat_less_tricky_arrival, layout_basic,
          chequers_ecumenical_altar_twisty
D:2:      layout_loops_ring, uniq_crazy_yiuf_cottage

Skill      XL: |  1  2  3 |
---------------+----------+-----
Axes           | 4 |  4.3
Fighting       | 4 |  4.2
Armour         | 3 |  3.0
Dodging        | |  2.4

Action                   || total
-------------------------++-------
Melee: Hand axe          ||    53
       Headbutt          ||     5
Invok: Berserk           ||     1
Armor: Ring mail         ||    18
Dodge: Dodged            ||    29

Table legend: (Time is in decaauts)
 A = Elapsed time spent in this place.
 B = Non-inter-level travel time spent in this place.
 C = Inter-level travel time spent in this place.
 D = Time resting spent in this place.
 E = Time spent auto-exploring this place.
 F = Levels seen in this place.
 G = Mean time per level.
                   A        B        C        D        E       F      G
               +--------+--------+--------+--------+--------+-----+--------+
         Total |   2153 |   2057 |     96 |      0 |   1914 |   2 | 1076.5 |
       Dungeon |   2153 |   2057 |     96 |      0 |   1914 |   2 | 1076.5 |
               +--------+--------+--------+--------+--------+-----+--------+

Top non-repeatable levels by time:
     D:2: 1131 daAuts
     D:1: 1022 daAuts
